 Dungeon Crawl Stone Soup version 0.26.0-16-gc1dbca0489 (webtiles) character file.

Game seed: 3939831143196460282

39 EnegeticOcto the Grave Robber (level 3, -1/25 HPs)
             Began as a Halfling Necromancer on Jan 17, 2021.
             Slain by a kobold (3 damage)
             ... on level 1 of the Dungeon.
             The game lasted 00:03:21 (1885 turns).

EnegeticOcto the Grave Robber (HaNe)                Turns: 1885, Time: 00:03:21

Health: -1/25      AC:  5    Str: 10    XL:     3   Next: 70%
Magic:  0/5        EV: 15    Int: 13    God:
Gold:   72         SH:  0    Dex: 14    Spells: 0/5 levels left

rFire    . . .     SeeInvis .   (weapon restricted)
rCold    . . .     Faith    .   (shield restricted)
rNeg     . . .     Spirit   .   a - +0 robe
rPois    .         Reflect  .   (no helmet)
rElec    .         Harm     .   (no cloak)
rCorr    .         Rampage  .   (no gloves)
Will     .....                  e - +2 pair of boots
Stlth    ++........             (no amulet)
HPRegen  0.08/turn              (no ring)
MPRegen  0.09/turn              (no ring)

@: no status effects
A: small, mutation resistance 1
a: no special abilities


You were on level 1 of the Dungeon.
You visited 1 branch of the dungeon, and saw 3 of its levels.

You collected 72 gold pieces.

Inventory:

Missiles
 f - 19 stones
 g - 21 arrows
Armour
 a - a +0 robe (worn)
 e - a +2 pair of boots (worn)
   (You found it on level 1 of the Dungeon)
Jewellery
 k - an uncursed ring of fire
   (You found it on level 2 of the Dungeon)
Scrolls
 d - 2 scrolls of identify {unknown}
 h - a scroll of teleportation {unknown}
Potions
 b - 2 potions of flight {unknown}
 c - a potion of haste {unknown}
 i - a potion of invisibility {unknown}
 j - a potion of attraction {unknown}


   Skills:
 + Level 2.7 Fighting
 - Level 2.1 Dodging
 - Level 2.1 Stealth
 - Level 1.5 Spellcasting
 - Level 3.2 Necromancy


You couldn't memorise any spells.
You knew the following spells:

 Your Spells              Type           Power        Failure   Level
a - Pain                  Necr           36%          7%          1
b - Animate Skeleton      Necr           18%          7%          1
c - Vampiric Draining     Necr           4%           22%         3

Your spell library contained the following spells:

 Spells                   Type           Power        Failure   Level
 Animate Dead             Necr           4%           56%         4
 Agony                    Necr           9%           89%         5


Dungeon Overview and Level Annotations

Branches:
Dungeon (3/15)

Altars:
Cheibriados
Wu Jian


Innate Abilities, Weirdness & Mutations

You are small and have problems with some larger weapons.
You are somewhat resistant to further mutation.


Message History

Casting: Pain (safe; 7% risk of failure)
Confirm with . or Enter, or press ? or * to list all spells.
Aiming: Pain (safe; 7% risk of failure)
Press: ? - help, Shift-Dir - straight line, f - frilled lizard
Aim: a frilled lizard (chance to affect: 76%)
The frilled lizard writhes in agony.
You kill the frilled lizard!
You start resting.
A goblin comes into view. It is wielding a +0 short sword.
The goblin shouts!
A kobold comes into view.
It is wielding a +0 short sword of draining.
An adder comes into view.
Casting: Pain (safe; 7% risk of failure)
Confirm with . or Enter, or press ? or * to list all spells.
Aiming: Pain (safe; 7% risk of failure)
Press: ? - help, Shift-Dir - straight line, f - goblin
Aim: a goblin, wielding a +0 short sword and wearing a +0 scale mail (chance to affect: 76%)
The goblin writhes in agony.
You kill the goblin!
You climb upwards.
The worm bites you.
There is a stone staircase leading down here.
The worm bites you.
You see here a goblin skeleton.
Magic restored.
A worm is nearby!
Casting: Pain (safe; 7% risk of failure)
Confirm with . or Enter, or press ? or * to list all spells.
Aiming: Pain (safe; 7% risk of failure)
Press: ? - help, Shift-Dir - straight line, f - worm
Aim: a worm (wandering, hasn't noticed you, chance to affect: 68%)
The worm writhes in agony.
Casting: Pain (safe; 7% risk of failure)
Confirm with . or Enter, or press ? or * to list all spells.
Aiming: Pain (safe; 7% risk of failure)
Press: ? - help, Shift-Dir - straight line, f/p - worm
Aim: a worm (chance to affect: 68%)
The worm writhes in agony.
Casting: Pain (safe; 7% risk of failure)
Confirm with . or Enter, or press ? or * to list all spells.
Aiming: Pain (safe; 7% risk of failure)
Press: ? - help, Shift-Dir - straight line, f/p - worm
Aim: a worm (moderately wounded, chance to affect: 68%)
The worm writhes in agony.
The worm bites you.
Casting: Pain (safe; 7% risk of failure)
Confirm with . or Enter, or press ? or * to list all spells.
Aiming: Pain (safe; 7% risk of failure)
Press: ? - help, Shift-Dir - straight line, f/p - worm
Aim: a worm (heavily wounded, chance to affect: 68%)
The worm struggles to resist.
Casting: Pain (safe; 7% risk of failure)
Confirm with . or Enter, or press ? or * to list all spells.
Aiming: Pain (safe; 7% risk of failure)
Press: ? - help, Shift-Dir - straight line, f/p - worm
Aim: a worm (heavily wounded, chance to affect: 68%)
The worm struggles to resist.
The worm bites you.
* * * LOW HITPOINT WARNING * * *
The worm closely misses you.
Really walk into that teleport trap?
You enter a teleport trap!
The teleport trap disappears.
Your surroundings suddenly seem different. 3 kobolds come into view.
Found a mace, 19 stones and 12 gold pieces.
Found a stone staircase leading down and a stone staircase leading up.
An adder comes into view.
The kobold throws a stone.
The stone closely misses you.
You see here a mace.
A dart slug comes into view.
The kobold shouts!
The kobold throws a stone.
The stone barely misses you.
You see here a stone.
The kobold misses you. The kobold hits you but does no damage.
The kobold closely misses you.
There is a stone staircase leading up here.
The kobold hits you.
* * * LOW HITPOINT WARNING * * *
You climb upwards.
There is a stone staircase leading down here.
Casting: Pain (safe; 7% risk of failure)
Confirm with . or Enter, or press ? or * to list all spells.
Aiming: Pain (safe; 7% risk of failure)
Press: ? - help, Shift-Dir - straight line, f - kobold
Aim: a kobold (chance to affect: 76%)
The kobold barely resists.
The kobold hits you but does no damage.
Casting: Pain (safe; 7% risk of failure)
Confirm with . or Enter, or press ? or * to list all spells.
Aiming: Pain (safe; 7% risk of failure)
Press: ? - help, Shift-Dir - straight line, f/p - kobold
Aim: a kobold (chance to affect: 76%)
You miscast Pain.
You are very lightly contaminated with residual magic.
Nothing appears to happen.
The kobold misses you.
Your magical contamination has completely faded away.
Casting: Pain (safe; 7% risk of failure)
Confirm with . or Enter, or press ? or * to list all spells.
Aiming: Pain (safe; 7% risk of failure)
Press: ? - help, Shift-Dir - straight line, f/p - kobold
Aim: a kobold (chance to affect: 76%)
The kobold barely resists.
The kobold hits you.
You die...

########### #.........#
#.#.......####### ## #####
#.#.............# #####. ....#
#.#.......#####.######..... ....#
#.#.......###............##
....###.............####.....#.##
...>#..[..##÷########............
...............K@.........####.##
.....###.#..........#.##.## #.#
......##..............#..# #.#
....#........##.#....##.### #.#
...######....##...........# #.#
...#..†......####.#....##.####.##
....).#.###...............#.....#
...####.# ##..#..................
...# #.# ##.#..................


You could see a kobold.

Vanquished Creatures
  A dart slug (D:1)
  A leopard gecko (D:1)
  4 bats
  3 giant cockroaches
  8 goblins
  3 hobgoblins
  A ball python (D:3)
  5 frilled lizards
  5 kobolds
  5 rats
36 creatures vanquished.

Notes
Turn   | Place    | Note
-------+----------+-------------------------------------------
     0 | D:1      | EnegeticOcto the Halfling Necromancer began the quest for
                  | the Orb.
     0 | D:1      | Reached XP level 1. HP: 11/11 MP: 3/3
   240 | D:1      | Reached skill level 1 in Fighting
   368 | D:1      | Reached XP level 2. HP: 16/18 MP: 2/4
   747 | D:1      | Reached skill level 2 in Fighting
   889 | D:1      | Reached XP level 3. HP: 21/24 MP: 2/5
  1180 | D:2      | Learned a level 1 spell: Animate Skeleton
  1184 | D:2      | Learned a level 3 spell: Vampiric Draining
  1660 | D:3      | Found a snail-covered altar of Cheibriados.
  1663 | D:3      | Found an ornate altar of the Wu Jian Council.
  1885 | D:1      | Slain by a kobold

Illustrated notes

Levels and vault maps discovered:
D:1:      dpeg_arrival_radiant, layout_rooms, grunt_decor_arrowhead,
          minmay_quantized
D:2:      layout_basic, chequers_ecumenical_altar_simple
D:3:      layout_basic, grunt_temple_overflow_open, lemuel_doored_altar

Skill      XL: |  1  2 |
---------------+-------+-----
Fighting       | 1 2 |  2.7
Dodging        | |  2.1
Stealth        | |  2.1
Spellcasting   | |  1.5
Necromancy     | |  3.2

Action                   || total
-------------------------++-------
Melee: Unarmed           ||    20
 Cast: Pain              ||    81
Armor: Robe              ||    11
Dodge: Dodged            ||    46
